Map: 썬더버드 - 래더

Players

Clem

  • Race: Terran Terran
  • League: Master
  • Spawn Location: 5:00

soO - Winner!

  • Race: Zerg Zerg
  • League: Master
  • Spawn Location: 11:00

Event: HomeStory Cup XX

VOD

Have the link to the VOD?

Description

Time

  • Played on: Nov. 22, 2019, 7:52 a.m.
  • Length: 8:19

All games in this series

Show
View Real Time Build Order
Export as new Build Order

Clem Terran 

Build Orders:  

Get SALT Encoding   

  12  0:00  SCV  
  13  0:12  SCV  
  14  0:18  Supply Depot  
  14  0:25  SCV  
  15  0:41  Barracks  
  15  0:44  Refinery  
  15  0:56  Barracks  
  15  1:00  SCV  
  16  1:13  SCV  
  17  1:28  Reaper  
  17  1:29  Orbital Command  
  18  1:37  Refinery  
  18  1:44  Reaper  
  19  1:52  Supply Depot  
  19  1:56  SCV  
  20  2:03  Reaper  
  20  2:05  Bunker  
  20  2:08  SCV  
  22  2:16  Reaper  
  22  2:20  SCV  
  24  2:31  Factory  
  24  2:32  SCV  
  25  2:44  SCV  
  25  2:45  Reaper  
  25  2:50  Supply Depot  
  25  2:51  Reaper  
  28  2:56  SCV  
  29  3:09  SCV  
  30  3:17  Factory Reactor  
  30  3:19  Starport  
  30  3:22  SCV  
  27  3:34  SCV  
  26  3:44  Reaper, Command Center  
  26  3:47  SCV  
  28  3:54  Hellion  
  30  3:56  Hellion  
  32  4:08  Fusion Core  
  32  4:11  SCV  
  33  4:18  Hellion  
  33  4:23  SCV  
  35  4:25  Hellion  
  35  4:28  Starport Tech Lab  
  37  4:35  SCV  
  38  4:47  Refinery  
  38  4:49  SCV  
  39  5:00  Supply Depot  
  39  5:01  Hellion x2  
  43  5:14  Battlecruiser  
  43  5:18  SCV  
  48  5:29  Orbital Command  
  46  5:36  SCV  
  46  5:37  Starport  
  46  5:40  Refinery  
  46  5:42  Supply Depot  
  47  5:50  SCV  
  47  5:54  Hellion  
  47  5:56  Hellion  
  48  6:00  SCV  
  48  6:02  SCV  
  48  6:12  SCV  
  48  6:13  Weapon Refit, Supply Depot  
  48  6:16  Starport Tech Lab  
  49  6:28  Battlecruiser  
  49  6:30  SCV  
  56  6:33  SCV  
  57  6:47  SCV x2  
  57  6:52  Battlecruiser  
  65  6:56  Supply Depot  
  65  7:02  Supply Depot  
  65  7:06  Hellion x2  
  69  7:10  SCV x2  
  71  7:21  Supply Depot  
  67  7:33  SCV x2  
  73  7:43  Hellion x2  
  75  7:45  SCV x2  
  77  7:57  SCV  
  86  8:05  Supply Depot  
Show
View Real Time Build Order
Export as new Build Order

soO Zerg - Winner!

Build Orders: Hatch First 

Get SALT Encoding   

  12  0:00  Drone  
  13  0:12  Overlord  
  13  0:17  Drone  
  14  0:30  Drone x2  
  16  0:47  Hatchery  
  15  0:51  Drone  
  15  0:54  Drone  
  17  0:57  Drone  
  18  1:08  Extractor  
  17  1:13  Spawning Pool  
  17  1:15  Drone  
  17  1:19  Drone  
  18  1:28  Drone  
  19  1:38  Drone  
  20  1:49  Overlord  
  20  1:59  Queen x2  
  20  2:00  Zergling x4  
  26  2:11  Metabolic Boost  
  26  2:12  Zergling x4  
  27  2:25  Zergling x2  
  27  2:26  Zergling x2  
  29  2:33  Zergling x4  
  29  2:35  Queen  
  30  2:53  Zergling x2  
  30  2:54  Zergling x6  
  34  3:06  Zergling x2  
  34  3:07  Zergling x2  
  34  3:09  Overlord  
  36  3:28  Drone x4  
  36  3:29  Drone x2  
  40  3:35  Drone  
  40  3:40  Drone  
  41  3:50  Drone x2  
  41  3:51  Drone  
  41  3:54  Hatchery  
  41  3:55  Overlord  
  43  3:57  Drone  
  43  4:01  Overlord  
  44  4:15  Drone x3  
  44  4:16  Drone  
  48  4:18  Lair  
  48  4:19  Drone  
  48  4:21  Drone  
  48  4:22  Drone  
  49  4:27  Drone  
  49  4:29  Drone x2  
  51  4:35  Queen  
  53  4:40  Drone  
  53  4:42  Extractor  
  53  4:43  Extractor  
  53  4:44  Drone x2  
  54  4:47  Drone  
  54  4:48  Drone  
  56  4:53  Drone  
  56  4:58  Drone  
  56  4:59  Drone  
  59  5:02  Drone, Roach Warren  
  59  5:06  Zergling x4  
  61  5:12  Queen x2  
  65  5:14  Overlord  
  65  5:17  Overlord  
  64  5:23  Zergling x2  
  64  5:24  Zergling x6  
  63  5:33  Nydus Network  
  63  5:35  Drone x2  
  64  5:37  Drone  
  64  5:40  Drone x2  
  68  5:43  Roach x4  
  68  5:47  Spore Crawler  
  74  5:57  Drone x2  
  74  5:59  Drone  
  74  6:00  Drone  
  74  6:01  Spore Crawler, Drone  
  74  6:02  Spire  
  77  6:06  Drone  
  77  6:07  Drone x3  
  80  6:12  Drone x2  
  80  6:17  Overlord  
  82  6:19  Spore Crawler  
  82  6:20  Overseer, Overlord  
  82  6:25  Overlord  
  81  6:28  Drone  
  81  6:31  Drone x3  
  82  6:35  Overlord  
  82  6:38  Drone x2  
  84  6:40  Glial Reconstitution  
  84  6:44  Drone  
  84  6:46  Queen  
  87  6:48  Spore Crawler  
  87  6:49  Spore Crawler x2  
  87  6:54  Drone  
  85  6:55  Spore Crawler, Queen  
  85  6:57  Drone x2  
  85  6:59  Drone  
  90  7:01  Drone x2  
  90  7:06  Queen  
  93  7:11  Roach x3  
  99  7:16  Extractor  
  98  7:28  Corruptor x5  
  107  7:36  Corruptor x2  
  108  7:41  Corruptor  
  108  7:43  Drone x4  
  113  7:45  Drone  
  113  7:48  Overlord  
  114  7:52  Overlord  
  114  7:56  Overlord  
  114  7:59  Overlord  
  114  8:02  Extractor  
Tags
 
Add a new tag
Caveats
  • Supply blocks, unpowered buildings, or Contaminate may cause inaccurate times.
  • Supply counts are checked every 10 seconds.